 Dungeon Crawl Stone Soup version 0.24-a0-235-g3f03afc (webtiles) character file.

Game seed: 6597279095250433725

350 xeno23 the Sneak (level 6, -1/39 HPs)
             Began as an Octopode Assassin on Apr 6, 2019.
             Was a Believer of Uskayaw.
             Slain by a phantom (8 damage)
             ... on level 4 of the Dungeon.
             The game lasted 00:08:30 (2967 turns).

xeno23 the Sneak (Octopode Assassin)                Turns: 2967, Time: 00:08:30

Health: -1/39      AC:  2    Str: 11    XL:     6   Next: 61%
Magic:  6/6        EV: 13    Int: 13    God:    Uskayaw [**....]
Gold:   233        SH:  0    Dex: 15    Spells: 5/5 levels left

rFire    . . .     SeeInvis .   a - +3 dagger
rCold    . . .     Gourm    .   (no shield)
rNeg     . . .     Faith    .   (helmet restricted)
rPois    .         Spirit   .   (no amulet)
rElec    .         Reflect  .   e - ring of wizardry
rCorr    .         Harm     .   r - +1 ring of protection
MR       .....                  (no ring)
Stlth    ++++......             (no ring)
HPRegen  0.13/turn              (no ring)
MPRegen  0.10/turn              (no ring)
                                (no ring)
                                (no ring)

@: no status effects
A: almost no armour, stealthy swim, amphibious, 8 rings, constrict 8, camouflage
1, gelatinous body 1
a: Stomp, Line Pass, Renounce Religion


You were on level 4 of the Dungeon.
You worshipped Uskayaw.
Uskayaw was noncommittal.
You were not hungry.

You visited 1 branch of the dungeon, and saw 4 of its levels.

You collected 233 gold pieces.

Inventory:

Hand Weapons
 a - a +3 dagger (weapon)
 s - a +0 blowgun
Missiles
 c - 21 poisoned needles
 d - 2 curare-tipped needles
Jewellery
 e - a ring of wizardry (left tentacle)
 r - a +1 ring of protection (right tentacle)
Wands
 o - a wand of enslavement (2)
Scrolls
 g - 7 scrolls of identify {unknown}
 h - a scroll of noise {unknown}
 k - a scroll of fear {unknown}
 l - 2 scrolls of remove curse {unknown}
 n - a scroll of enchant armour {unknown}
 p - 2 scrolls of teleportation {unknown}
 q - a scroll of magic mapping {unknown}
 t - a scroll of amnesia {unknown}
 u - a scroll of blinking {unknown}
Potions
 b - a potion of resistance {unknown}
 i - 2 potions of heal wounds {unknown}
 j - a potion of might {unknown}
 m - 2 potions of flight {unknown}
 w - a potion of agility {unknown}
 x - a potion of curing {unknown}
Comestibles
 f - 7 rations


   Skills:
 - Level 2.0 Fighting
 * Level 6.3 Short Blades
 - Level 2.0 Throwing
 - Level 1.0 Dodging
 + Level 6.5 Stealth


You had 5 spell levels left.
You didn't know any spells.
Your spell library was empty.

Dungeon Overview and Level Annotations

Branches:
Dungeon (4/15)
 Temple: D:4-7

Altars:
Ashenzari
Fedhas
Gozag
Trog
Uskayaw
Vehumet
Wu Jian
Zin

Shops:
D:3 *


Innate Abilities, Weirdness & Mutations

You cannot wear most types of armour.
You are very stealthy in the water. (Stealth+)
You are amphibious.
You can wear up to eight rings at the same time.
You can use your tentacles to constrict eight enemies at once.
Your skin changes colour to match your surroundings (Stealth+).
Your rubbery body absorbs attacks. (AC +1, EV +1)


Message History

You closely miss the phantom.
The phantom is almost destroyed.
The phantom hits you!
* * * LOW HITPOINT WARNING * * *
The phantom blinks!
You take 7 damage.
You hit the phantom.
The phantom is almost destroyed.
The phantom hits you.
* * * LOW HITPOINT WARNING * * *
You take 5 damage.
You hit the phantom but do no damage.
The phantom is almost destroyed.
The phantom barely misses you.
You hit the phantom.
The phantom is almost destroyed.
You hit the phantom but do no damage.
The phantom is almost destroyed.
The phantom hits you!
You die...

# #.....###..>...)....##.#
####.....#<..###..#####...#
.##......#.#####...###..####.
............................#
#.........#######.#....####.#
..##.......####.............
..#...................######
###...................#
................@W...<#
###.................#.#
.##.....................
...........#........#...#
.#..................###..#
....................# #.#
....................# ..
..#.........##.##.### ..
..#.........##.##.# #.


You could see a phantom.

Vanquished Creatures
  Menkaure (D:4)
  A hound (D:4)
  A bullfrog skeleton (D:3)
  Natasha (thrice) (D:4)
  A gnoll (D:1)
  An adder (D:3)
  An ooze (D:1)
  2 worms (D:2)
  3 leopard geckos
  7 giant cockroaches
  11 goblins
  6 hobgoblins
  3 quokkas
  2 ball pythons
  7 bats
  5 frilled lizards
  8 kobolds
  9 rats
72 creatures vanquished.

Notes
Turn   | Place    | Note
-------+----------+-------------------------------------------
     0 | D:1      | xeno23 the Octopode Assassin began the quest for the Orb.
     0 | D:1      | Reached XP level 1. HP: 14/14 MP: 1/1
   136 | D:1      | Reached XP level 2. HP: 19/19 MP: 2/2
   269 | D:1      | Reached XP level 3. HP: 15/24 MP: 3/3
   989 | D:2      | Found an ornate altar of the Wu Jian Council.
  1116 | D:2      | Reached XP level 4. HP: 29/29 MP: 4/4
  1311 | D:2      | Found an opulent altar of Gozag.
  1345 | D:2      | Found a hide-covered altar of Uskayaw.
  1345 | D:2      | Found a bloodstained altar of Trog.
  1359 | D:2      | Became a worshipper of Uskayaw the Reveler
  1434 | D:3      | Reached * piety under Uskayaw
  1453 | D:3      | Found Zin's Purification Station.
  1456 | D:3      | Found a glowing silver altar of Zin.
  1597 | D:3      | Reached ** piety under Uskayaw
  1713 | D:3      | Found a radiant altar of Vehumet.
  1909 | D:3      | Reached skill level 5 in Short Blades
  1982 | D:3      | Reached XP level 5. HP: 31/34 MP: 5/5
  2280 | D:4      | Found a blossoming altar of Fedhas.
  2296 | D:4      | Noticed Menkaure
  2306 | D:4      | HP: 1/34 [Menkaure (21)]
  2307 | D:4      | Killed Menkaure
  2307 | D:4      | Reached XP level 6. HP: 2/39 MP: 6/6
  2307 | D:4      | Reached *** piety under Uskayaw
  2668 | D:4      | Noticed Natasha
  2671 | D:4      | Killed Natasha
  2706 | D:4      | Found a shattered altar of Ashenzari.
  2740 | D:4      | Noticed Natasha
  2745 | D:4      | Killed Natasha
  2757 | D:4      | Noticed Natasha
  2763 | D:4      | Killed Natasha
  2785 | D:4      | Noticed a phantom
  2967 | D:4      | Slain by a phantom

Levels and vault maps discovered:
D:1:      lightli_arrival_noodles, layout_basic, hangedman_feature_mirror
D:2:      layout_basic, old_standard_altar, minitemple
D:3:      layout_basic, zin_purify, fiery_altar_vehumet, serial_curves,
          eino_curves_02, eino_curves_02, minmay_crystal_room
D:4:      layout_rooms, tgw_sif, fedhas_altar_2, marbit_many_paths,
          first_ration, uniq_natasha, uniq_menkaure

Skill      XL: |  1  2  3  4  5  6 |
---------------+-------------------+-----
Short Blades   | 3 4 5 6 |  6.3
Stealth        | 6 |  6.5
Fighting       | |  2.0
Throwing       | |  2.0
Dodging        | |  1.0

Action                   |  1- 3 |  4- 6 || total
-------------------------+-------+-------++-------
Melee: Dagger            |    72 |   107 ||   179
       Constrict         |    18 |    15 ||    33
       Tentacles         |     6 |    14 ||    20
 Stab: Sleeping          |    16 |     8 ||    24
       Paralysed         |       |     1 ||     1
  Eat: Chunk             |     1 |     5 ||     6
Armor: Skin              |     6 |     6 ||    12
Dodge: Dodged            |    38 |    32 ||    70

Table legend:
 A = Non-vault XP
 B = Vault XP
 C = Vault XP percentage of total XP
 D = Non-vault monster count
 E = Vault monster count
 F = Vault count percentage of total count
                 A         B        C        D         E       F
            +---------+---------+-------+---------+---------+-------
      Total |     297 |     204 |  40.7 |      70 |       2 |   2.8
            +---------+---------+-------+---------+---------+-------
        D:1 |      56 |       0 |   0.0 |      25 |       0 |   0.0
        D:2 |      39 |       0 |   0.0 |      21 |       0 |   0.0
        D:3 |      78 |       0 |   0.0 |      15 |       0 |   0.0
        D:4 |     124 |     204 |  62.2 |       9 |       2 |  18.2
            +---------+---------+-------+---------+---------+-------
